 Seeded DCSS version 0.29.1-2-gbd0b4ee654 (webtiles) character file.

Game seed: 15296010637171918060 (custom seed)

204 retardedninja the Chopper (level 5, -4/44 (46) HPs)
             Began as a Hill Orc Fighter on Oct 31, 2022.
             Slain by a wight
             ... wielding a +3 long sword
              (6 damage)
             ... on level 3 of the Dungeon.
             The game lasted 00:04:15 (3260 turns).

retardedninja the Chopper (Hill Orc Fighter)        Turns: 3260, Time: 00:04:15

HP:   -4/44 (46)    AC:  8    Str: 21    XL:     5   Next: 82%
MP:   5/5           EV:  9    Int:  8    God:
Gold: 217           SH:  4    Dex: 10    Spells: 4/4 levels left

rFire   . . .      SeeInvis .   a - +0 war axe
rCold   . . .      Faith    .   c - +0 buckler
rNeg    . . .      Spirit   .   b - +0 scale mail
rPois   .          Reflect  .   (no helmet)
rElec   .          Harm     .   (no cloak)
rCorr   .          Rampage  .   (no gloves)
Will    .....                   k - +0 pair of boots
Stlth   ..........              (no amulet)
HPRegen 0.14/turn               (no ring)
MPRegen 0.09/turn               (no ring)

@: lightly drained
A: no striking features
a: no special abilities


You were on level 3 of the Dungeon.
You visited 1 branch of the dungeon, and saw 4 of its levels.

You collected 217 gold pieces.

Inventory:

Hand Weapons
 a - a +0 war axe (weapon)
Armour
 b - a +0 scale mail (worn)
 c - a +0 buckler (worn)
 k - a +0 pair of boots (worn)
Jewellery
 q - an amulet of regeneration
Scrolls
 f - 2 scrolls of fog
 i - 2 scrolls of brand weapon {unknown}
 j - a scroll of identify
 l - 3 scrolls of enchant weapon {unknown}
 n - a scroll of acquirement {unknown}
 r - a scroll of fear {unknown}
Potions
 d - a potion of might
 e - a potion of flight {unknown}
 g - a potion of curing
 h - 2 potions of attraction
 m - a potion of degeneration {unknown}
 o - a potion of ambrosia {unknown}
 p - a potion of cancellation {unknown}


   Skills:
 + Level 4.3 Fighting
 + Level 5.4 Axes
 + Level 4.5 Armour
 + Level 0.6 Dodging
 + Level 0.2 Stealth
 + Level 3.8 Shields


You had 4 spell levels left.
You didn't know any spells.
Your spell library contained the following spells:

 Spells                   Type           Power      Damage    Failure   Level
 Apportation              Tloc           0%         N/A       83%         1
 Alistair's Intoxication  Tmut/Pois      0%         N/A       100%        5


Dungeon Overview and Level Annotations

Branches:
Dungeon (4/15)
 Temple: D:4-7

Altars:


Message History

Found 3 scrolls of identify.
There is a stone staircase leading up here.
You block the wight's attack.
The wight hits you with a +3 long sword.
You feel drained.
You climb upwards.
There is a stone staircase leading down here.
Okay, then.
You barely miss the wight. You hit the wight.
The wight hits you with a +3 long sword.
You block the wight's attack.
You hit the wight.
The wight is moderately damaged.
You slash the wight!
The wight hits you with a +3 long sword.
You feel drained. The wight hits you with a +2 scimitar!
The wight hits you with a +3 long sword.
You feel drained. The wight completely misses you.
Unknown command.
You slash the wight!
You destroy the wight!
You barely miss the wight. The wight barely misses you.
Your life force feels restored.
The wight hits you with a +3 long sword!
* * * LOW HITPOINT WARNING * * *
You feel drained.
Things that are here:
a +2 scimitar; a +0 robe Unknown command.
You feel better.
The wight hits you with a +3 long sword!
* * * LOW HITPOINT WARNING * * *
You hit the wight.
The wight is severely damaged.
The wight closely misses you.
You hit the wight.
The wight is almost destroyed.
The wight closely misses you.
The wight hits you with a +3 long sword.
You die...

##......#...
##########....#...
#........#....#...
#........##...####
#........##....###
#..........<......
#........######...
#z.......# ##..
#@>......# #..
#####.#### ### #.#
##. #.# #..
#.##########.#
#.#..........#
#.#...........
#.#..........#
#.#.....[....#


You could see a wight.

Vanquished Creatures
  A wight (D:3)
  An orc priest (D:2)
  An iguana (D:4)
  3 adders
  A worm (D:2)
  5 dart slugs
  2 orcs (D:2)
  2 bats
  3 endoplasms
  A giant cockroach (D:1)
  9 goblins
  7 hobgoblins
  2 jackals (D:1)
  3 kobolds
  4 quokkas
  7 ball pythons
  4 frilled lizards
  A rat (D:2)
57 creatures vanquished.

Notes
Turn   | Place    | Note
-------+----------+-------------------------------------------
     0 | D:1      | retardedninja the Hill Orc Fighter began the quest for the
                  | Orb.
     0 | D:1      | Reached XP level 1. HP: 19/19 MP: 1/1
    27 | D:1      | Reached XP level 2. HP: 21/27 MP: 2/2
   186 | D:1      | Reached skill level 3 in Axes
   728 | D:1      | Reached XP level 3. HP: 30/33 MP: 3/3
  1310 | D:2      | Reached skill level 4 in Axes
  1403 | D:2      | Found a faded altar of an unknown god.
  1479 | D:2      | Reached XP level 4. HP: 40/40 MP: 4/4
  2126 | D:3      | Reached XP level 5. HP: 35/46 MP: 5/5
  2532 | D:3      | Reached skill level 5 in Axes
  3258 | D:3      | HP: 2/44 [wight/+3 long sword (13)]
  3260 | D:3      | Slain by a wight

Illustrated notes

Levels and vault maps discovered:
D:1:      minmay_arrival_pointy, layout_basic
D:2:      layout_rooms, basic_ecumenical_altar, roderic_roman_lattice
D:3:      layout_rooms
D:4:      minmay_octagon_keep, layout_basic, gammafunk_ghost_split

Skill      XL: |  1  2  3  4  5 |
---------------+----------------+-----
Axes           | 3 4 5 |  5.4
Fighting       | 4 |  4.3
Armour         | 4 |  4.5
Dodging        | |  0.6
Stealth        | |  0.2
Shields        | |  3.8

Action                   |  1- 3 |  4- 6 || total
-------------------------+-------+-------++-------
Melee: War axe           |   102 |    89 ||   191
  Use: Scroll            |       |     3 ||     3
       Potion            |       |     1 ||     1
Armor: Scale mail        |    41 |    28 ||    69
Dodge: Dodged            |    52 |    36 ||    88
Block: Buckler           |    21 |    25 ||    46
